 Dungeon Crawl Stone Soup version 0.22-a0-402-ga933591 (webtiles) character file.

350792 Goblin1989 the Warrior (level 21, -24/213 HPs)
             Began as a Demonspawn Chaos Knight on May 7, 2018.
             Was an Initiate of Gozag.
             Annihilated by a titanic slime creature (27 damage)
             ... on level 4 of the Swamp on May 8, 2018.
             The game lasted 03:01:56 (55294 turns).

Goblin1989 the Warrior (Demonspawn Chaos Knight)   Turns: 55294, Time: 03:01:57

Health: -24/213    AC: 50    Str: 29      XL:     21   Next: 58%
Magic:  0/45       EV: 14    Int: 17 (18) God:    Gozag
Gold:   2129       SH:  0    Dex: 14      Spells: 20/20 levels left

rFire    . . .     SeeInvis .   F - +1 double sword (flame)
rCold    . . .     Gourm    .   (no shield)
rNeg     + . .     Faith    .   j - +12 crystal plate armour of the Bull {MR- Str+4}
rPois    +         Spirit   +   D - +3 hat of Pondering {ponderous, MR+ MP+10 Int+5}
rElec    +         Reflect  .   t - +0 cloak "Orupelyx" {rN+} (curse)
rCorr    .         Harm     .   G - +1 pair of gloves {archery}
MR       +....                  (boots unavailable)
Stlth    ..........             k - amulet of guardian spirit
HPRegen  0.45/turn              W - ring "Ecemoyx" {god gift, rElec MP+9}
MPRegen  0.29/turn              y - +4 ring of slaying

@: mighty, very slow
A: hooves 3, iridescent scales 3, blurry vision 1, deterioration 1, dopey 1,
nightstalker 3, sense surroundings 1, poison resistance, powered by pain 2,
robust 2, electricity resistance
}: 1/15 runes: gossamer
a: Potion Petition, Call Merchant, Bribe Branch, Renounce Religion


You were on level 4 of the Swamp.
You worshipped Gozag.
Gozag was most pleased with you.
You were near starving.

You visited 10 branches of the dungeon, and saw 40 of its levels.
You visited the Abyss 1 time.
You also visited: Ossuary and Ice Cave.

You collected 14507 gold pieces.
You spent 4737 gold pieces at shops.
You paid 7641 gold pieces to Gozag.

Inventory:

Hand Weapons
 F - a +1 double sword of flaming (weapon)
 S - the +12 long sword of Puux {protect, *Drain +Inv Dex+4 SInv}
   (You found it on level 4 of the Dungeon)

   It protects the one who uses it against injury (+AC on strike).
   It affects your dexterity (+4).
   It lets you see invisible.
   It lets you turn invisible.
   It causes draining when unequipped.
Missiles
 i - 75 tomahawks (quivered)
 m - 7 tomahawks of dispersal
 Z - 4 throwing nets {!d , @Q1}
Armour
 j - the +12 crystal plate armour of the Bull (worn) {MR- Str+4}
   (You bought it in a shop on level 13 of the Dungeon)

   It affects your strength (+4).
   It affects your resistance to hostile enchantments.
 t - the cursed +0 cloak "Orupelyx" (worn) {rN+}
   (You found it on level 1 of the Swamp)

   It protects you from negative energy.
   It has a curse placed upon it.
 w - the +2 pair of gloves "Surif" {-Tele rC+ rN+ Int+3}
   (You bought it in a shop on level 15 of the Dungeon)

   It affects your intelligence (+3).
   It protects you from cold.
   It protects you from negative energy.
   It prevents most forms of teleportation.
 D - the +3 hat of Pondering (worn) {ponderous, MR+ MP+10 Int+5}
   (You took it off Gastronok on level 12 of the Dungeon)

   It affects your intelligence (+5).
   It affects your resistance to hostile enchantments.
   It affects your magic capacity (+10).
 G - a +1 pair of gloves of archery (worn)
 P - a +0 cloak of poison resistance
 V - the +2 hat "Womiubed" {*Slow rN+ rCorr Slay+3}
   (You found it on level 3 of the Vaults)

   It affects your accuracy and damage with ranged weapons and melee attacks
   (+3).
   It protects you from negative energy.
   It protects you from acid and corrosion.
   It may slow you when you take damage.
 X - a +5 shield of reflection {Donald}
Jewellery
 f - an uncursed ring of protection from fire
 k - an amulet of guardian spirit (around neck)
 n - an uncursed ring of ice
 q - the ring of Yplobiv {Fire rElec rPois Slay+2}
   (You bought it in a shop on level 2 of the Vaults)

   [ring of fire]

   It enhances your fire magic.
   It affects your accuracy and damage with ranged weapons and melee attacks
   (+2).
   It protects you from fire.
   It makes you vulnerable to cold.
   It insulates you from electricity.
   It protects you from poison.
 u - an uncursed ring of protection from fire
 y - a +4 ring of slaying (right hand)
 J - an uncursed ring of stealth {unknown}
 W - the ring "Ecemoyx" (left hand) {god gift, rElec MP+9}
   (Xom gifted it to you on level 5 of the Dungeon)

   [ring of magical power]

   It insulates you from electricity.
   It affects your magic capacity (+9).
Wands
 A - a wand of acid (26) {@v2}
 I - a wand of iceblast (29) {@v4}
 K - a wand of digging (50) {@v1}
Scrolls
 h - 3 scrolls of fear
 l - 6 scrolls of remove curse {@r3}
 v - 6 scrolls of enchant weapon
 B - 12 scrolls of blinking
 C - 4 scrolls of immolation
 H - a scroll of summoning
 L - 7 scrolls of fog
 M - 9 scrolls of magic mapping
 N - 3 scrolls of enchant armour
 R - 5 scrolls of identify {@r1}
 T - 18 scrolls of teleportation {!r, @r2}
 Y - 3 scrolls of holy word
Potions
 a - 9 potions of heal wounds {@q2}
 b - 5 potions of might {@q4}
 d - 4 potions of flight
 g - 4 potions of berserk rage
 o - 7 potions of ambrosia
 p - 6 potions of haste {@q3,}
 r - 3 potions of cancellation
 s - a potion of invisibility
 z - 3 potions of mutation {!q}
 E - 3 potions of agility {@q5}
 Q - 7 potions of curing {@q1}
Miscellaneous
 c - a lamp of fire
 x - a box of beasts
 O - a lightning rod (4/4)
 U - a fan of gales
Comestibles
 e - 29 rations


   Skills:
 + Level 18.6 Fighting
 + Level 14.3 Long Blades
   Level 4.6 Axes
 - Level 1.0 Throwing
 + Level 17.2 Armour
 + Level 15.6 Dodging
 - Level 15.0 Shields
 - Level 7.0 Evocations


You had 20 spell levels left.
You didn't know any spells.

Dungeon Overview and Level Annotations

Branches:
Dungeon (15/15)            Temple (1/1) D:6            Lair (6/6) D:10
  Swamp (4/4) Lair:4       Spider (4/4) Lair:2        Slime (0/5) Lair:6
    Orc (2/2) D:9             Elf (2/3) Orc:2        Vaults (4/5) D:14
  Crypt (1/3) Vaults:2     Depths (1/5) D:15

Altars:
Ashenzari
Cheibriados
Dithmenos
Elyvilon
Fedhas
Gozag
Hepliaklqana
Kikubaaqudgha
Makhleb
Nemelex Xobeh
Okawaru
Qazlal
Ru
Sif Muna
Trog
Uskayaw
Vehumet
Wu Jian
Xom
Yredelemnul
Zin
The Shining One
Beogh
Jiyva

Shops:
D:13 [   D:15 ([   Orc:2 (![%   Vaults:1 *   Vaults:2 %*[   Vaults:4 [
Crypt:1 [

Annotations:
D:3 exclusion: Grinder, Grinder
D:14 Roxanne
Elf:2 3 runed doors


Innate Abilities, Weirdness & Mutations

You have hooves in place of feet.
You are completely covered in iridescent scales. (AC +6)
You are completely attuned to the shadows.
You sometimes gain power by taking damage.
You are very robust. (+20% HP)
Scrolls take you a little longer to read.
Your body sometimes deteriorates upon taking damage.
You are dopey. (Int -2)
You passively map a small area around you.
Your system is resistant to poisons. (rPois)
You are resistant to electric shocks. (rElec)


Message History

Why would you want to do that?
You enter the shallow water.
Moving in this stuff is going to be slow.
You now have 2129 gold pieces (gained 25).
A slime creature comes into view.
You enter the shallow water.
Moving in this stuff is going to be slow. 3 slime creatures come into view.
The slime creature quivers. x4
A slime creature suddenly disappears!
The slime creature moves out of view.
You hit the slime creature. You burn the slime creature.
You kick the slime creature!
The slime creature is moderately wounded.
A slime creature suddenly becomes a large slime creature.
Your unstable footing causes you to fumble your attack.
Two slime creatures merge to form a very large slime creature.
Your unstable footing causes you to fumble your attack.
Your unstable footing causes you to fumble your attack.
The very large slime creature barely misses you.
A slime creature comes into view.
You hit the very large slime creature. You burn the very large slime creature.
The very large slime creature is lightly wounded.
Two slime creatures merge to form an enormous slime creature.
Unknown command.
Your unstable footing causes you to fumble your attack.
A slime creature suddenly becomes a titanic slime creature.
You slice the titanic slime creature!! You burn the titanic slime creature.
You kick the titanic slime creature.
The titanic slime creature is lightly wounded.
You hear a deafening roar!
You hear an angry hiss.
You slash the titanic slime creature! You burn the titanic slime creature.
You kick the titanic slime creature!
The titanic slime creature is moderately wounded.
You slash the titanic slime creature! You burn the titanic slime creature.
The titanic slime creature is moderately wounded.
You hear a deafening roar!
The titanic slime creature hits you!!!
Your body deteriorates!
You feel dopey.
You focus on the pain.
You feel very mighty all of a sudden.
You hear an angry hiss.
Your unstable footing causes you to fumble your attack.
You hear a distant blaring wail to the east.
A swamp dragon comes into view.
You chop the titanic slime creature into pieces!!!
You burn the titanic slime creature.
The titanic slime creature is heavily wounded.
The titanic slime creature hits you!!!
The swamp dragon moves out of view.
Unknown command.
You take 92 damage, and have 121/213 hp.
MASSIVE DAMAGE!!
You now have 25/45 mp.
You are too injured to fight recklessly!
You are too injured to fight recklessly!
You are too injured to fight recklessly!
You are too injured to fight recklessly!
Unknown command.
You are too injured to fight recklessly!
You are too injured to fight recklessly!
Unknown command.
You are too injured to fight recklessly!
Unknown command.
Your unstable footing causes you to fumble your attack.
The titanic slime creature hits you but does no damage.
Unknown command.
You slice the titanic slime creature!! You burn the titanic slime creature.
You kick the titanic slime creature!
The titanic slime creature is severely wounded.
The titanic slime creature hits you!!!
* * * LOW HITPOINT WARNING * * *
You focus on the pain.
You feel mightier all of a sudden.
You hear an angry hiss.
You hear a roar!
You take 49 damage, and have 72/213 hp.
MASSIVE DAMAGE!!
You now have 15/45 mp.
You slice the titanic slime creature!! You burn the titanic slime creature!
The titanic slime creature is severely wounded.
Unknown command.
You slice the titanic slime creature!! You burn the titanic slime creature.
Your kick misses the titanic slime creature.
The titanic slime creature is almost dead.
The titanic slime creature completely misses you.
A komodo dragon comes into view.
Unknown command.
Your unstable footing causes you to fumble your attack.
The titanic slime creature hits you!!!!
* * * LOW HITPOINT WARNING * * *
You focus on the pain.
You feel your power returning.
The komodo dragon moves out of view.
You hear a roar!
You take 69 damage, and have 3/213 hp.
MASSIVE DAMAGE!!
You now have 13/45 mp.
Unknown command.
Really read with blurry vision while enemies are nearby? [Y]es or [N]o only, please.
Really read with blurry vision while enemies are nearby? [Y]es or [N]o only, please.
Really read with blurry vision while enemies are nearby? [Y]es or [N]o only, please.
Really read with blurry vision while enemies are nearby?
The titanic slime creature hits you!!!
You die...
Your body crumbles into a pile of gold.

≈ ▓ ♣.≈≈ · ▓
♣♣≈≈≈ ≈ ♣≈.J ≈ ▓
.≈≈J♣♣♣ ▓
♣@.♣♣▓♣♣
▓♣≈≈≈♣♣≈♣ ▓ ·
♣≈≈≈≈..♣ ≈
≈...≈≈≈.≈♣ ▓▓ ·
·..≈≈≈≈.≈♣♣♣ · ▓
≈ · .≈≈≈≈.≈.≈♣♣
▓$ · ..≈≈≈..≈.≈
·≈§.♣≈♣♣♣♣♣≈≈..≈
≈ ≈
≈≈♣..≈≈≈<..≈..≈
·


You could see a titanic slime creature and a slime creature.

Vanquished Creatures
  A greater mummy (Crypt:1)
  Margery (Crypt:1)
  2 liches
  Jorgrun (Spider:4)
  Asterion (Spider:4)
  2 tentacled starspawn (Abyss:2)
  An ancient champion (Crypt:1)
  Gastronok (D:12)
  2 sphinxes
  Kirke (Swamp:2)
  2 tengu reavers
  3 thorn hunters
  Donald (Spider:1)
  9 vault wardens
  3 frost giants (Vaults:4)
  3 deep elf sorcerers
  7 emperor scorpions
  A ghoul (Crypt:1)
  14 ironheart preservers
  6 ghost moths
  An angel (Abyss:2)
  A curse skull (Crypt:1)
  3 entropy weavers
  5 vampire knights
  8 stone giants
  A reaper (Crypt:1)
  4 very ugly things
  A deep elf annihilator (Vaults:3)
  2 spark wasps
  2 ettins (Vaults:4)
  A green death (Crypt:1)
  A crystal guardian (Vaults:4)
  An eidolon (Crypt:1)
  2 deep elf death magi (Crypt:1)
  A fire dragon (Vaults:1)
  3 jiangshi (Crypt:1)
  2 quicksilver dragon zombies (Crypt:1)
  13 hydras
  4 great orbs of eyes
  An ice dragon (Vaults:3)
  7 vault guards
  6 yaktaur captains
  2 rakshasas
  A catoblepas (D:14)
  9 centaur warriors
  2 death knights
  10 alligators
  34 two-headed ogres
  11 ogre magi
  A ghost crab (Swamp:1)
  A tengu warrior (D:15)
  2 deep troll shamans
  A titan zombie (Crypt:1)
  4 orc high priests (Orc:2)
  6 thrashing horrors (Abyss:2)
  Urug (D:14)
  The ghost of 4thArraOfDagon the Covert, a journeyman FeFE of Sif Muna (D:13)
  2 vampire magi (Crypt:1)
  10 deep elf knights
  3 iron trolls (D:15)
  A wretched star (Abyss:2)
  4 hell knights (Crypt:1)
  4 shadow wraiths
  2 titan skeletons (Crypt:1)
  A soul eater (Crypt:1)
  18 skeletal warriors
  An anaconda zombie (Crypt:1)
  A spriggan druid (Swamp:3)
  16 deep trolls
  3 unseen horrors
  4 deep elf archers
  3 glowing orange brains
  5 swamp dragons
  7 wizards
  5 large abominations
  Pikel (D:5)
  3 phantasmal warriors (Crypt:1)
  3 harpies (Vaults:4)
  7 necromancers
  A shambling mangrove (Swamp:3)
  An anaconda skeleton (Crypt:1)
  A wolf spider zombie (Crypt:1)
  17 orb spiders
  13 ironbrand convokers
  29 ugly things
  18 orc knights
  4 orc sorcerers
  51 deep elf magi
  A cyclops (shapeshifter) (Vaults:3)
  36 wolf spiders
  2 manticores
  A worldbinder (Abyss:2)
  A salamander (shapeshifter) (Vaults:2)
  A faun (shapeshifter) (Vaults:4)
  A manticore (shapeshifter) (Vaults:2)
  A moth of wrath (shapeshifter) (Vaults:3)
  5 moths of wrath
  7 cyclopes
  A guardian serpent (Lair:5)
  Maurice (Orc:2)
  A titan simulacrum (Crypt:1)
  2 ice statues (IceCv)
  5 elephants
  Joseph (D:10)
  5 black mambas
  12 vault sentinels
  2 black mambas (shapeshifter)
  A smoke demon (Abyss:2)
  2 torpor snails
  2 dire elephant skeletons
  2 gargoyles
  23 spiny frogs
  A green draconian zombie (Crypt:1)
  2 rime drakes
  A human zombie (Vaults:3)
  An efreet (D:15)
  6 komodo dragons
  3 freezing wraiths
  10 ice devils
  A catoblepas skeleton (Crypt:1)
  A hellwing (Abyss:2)
  37 yaktaurs
  19 demonic crawlers
  A yaktaur skeleton (Vaults:3)
  An ancient zyme (Abyss:2)
  3 guardian mummies (Crypt:1)
  9 tyrant leeches
  A polar bear (Lair:5)
  A meliai (shapeshifter) (Vaults:2)
  4 trolls
  24 jumping spiders
  A hydra zombie (Crypt:1)
  A harpy skeleton (Crypt:1)
  18 hornets
  16 blink frogs
  An alligator zombie (Crypt:1)
  A raiju (shapeshifter) (Vaults:4)
  2 fire dragon zombies (Crypt:1)
  4 bog bodies
  29 slime creatures
  7 dream sheep (Lair:6)
  3 ettin zombies (Crypt:1)
  6 flying skulls (Abyss:2)
  13 hippogriffs
  An air elemental (Elf:2)
  33 tarantellas
  3 wyverns
  69 redbacks
  A centaur simulacrum (D:14)
  A spriggan (shapeshifter) (Vaults:4)
  2 spriggans (Swamp:3)
  An ice dragon skeleton (Crypt:1)
  2 shadows
  A ynoxinul (Abyss:2)
  5 wraiths
  A human (shapeshifter) (Crypt:1)
  2 water elementals
  4 fire elementals
  35 yaks
  3 hogs (Swamp:2)
  2 hungry ghosts
  5 basilisks
  A neqoxec (Abyss:2)
  A chaos spawn (Crypt:1)
  13 vampire mosquitoes
  14 swamp worms
  9 wargs
  A soldier ant (D:14)
  2 acid dragons
  14 water moccasins
  A faun skeleton (Crypt:1)
  6 insubstantial wisps
  10 porcupines
  5 small abominations
  5 swamp drakes
  41 orc warriors
  A sky beast (D:5)
  A black bear (D:11)
  2 eyes of draining
  A hornet zombie (D:10)
  6 ice beasts
  27 ogres
  4 phantoms
  An ettin simulacrum (Vaults:3)
  2 necrophages
  5 wolves (Lair:2)
  16 boggarts
  A snapping turtle skeleton (Crypt:1)
  10 crocodiles
  14 centaurs
  2 big kobolds
  20 bullfrogs
  An earth elemental (Elf:2)
  A water moccasin zombie (D:10)
  A water moccasin skeleton (D:9)
  4 scorpions
  A troll zombie (Crypt:1)
  29 wights
  A raiju skeleton (Crypt:1)
  An electric eel (D:15)
  2 howler monkeys
  7 jellies
  8 crimson imps
  A hound (D:5)
  3 quasits
  A bullfrog zombie (D:11)
  3 centaur zombies
  2 bullfrog skeletons
  4 human simulacra
  33 orc priests
  An iron imp (Abyss:2)
  Crazy Yiuf (D:2)
  7 centaur skeletons
  Jessica (D:2)
  2 gnoll shamans
  27 orc wizards
  A porcupine zombie (Crypt:1)
  5 worker ants
  A hell rat (Crypt:1)
  4 big kobold zombies (Ossuary)
  2 hound zombies
  A hound skeleton (D:7)
  9 mummies
  2 worker ant zombies (D:5)
  14 adders
  15 gnolls
  2 howler monkey skeletons
  4 shadow imps
  6 white imps (IceCv)
  8 ufetubi (IceCv)
  6 oozes
  A worm zombie (Crypt:1)
  A worm (D:2)
  A barachi skeleton (Crypt:1)
  2 dart slugs (D:1)
  5 leopard geckos
  102 orcs
  A ball python (D:3)
  5 giant cockroaches
  6 goblins
  8 hobgoblins
  11 jackals
  9 kobolds
  7 quokkas
  8 bats
  4 frilled lizards
  A giant cockroach zombie (D:6)
  2 hobgoblin zombies (Ossuary)
  A jackal zombie (D:8)
  A leopard gecko zombie (D:7)
  A quokka skeleton (D:6)
  14 rats
  3 briar patches
  2 fire vortices
  2 plants
1628 creatures vanquished.

Vanquished Creatures (collateral kills)
  A two-headed ogre (D:8)
  A komodo dragon (Lair:4)
  An ogre (D:5)
  Terence (D:2)
  An iguana (D:11)
  A giant cockroach (D:1)
6 creatures vanquished.

Vanquished Creatures (others)
  A reaper (IceCv)
  14 dancing weapons
  A deep elf knight (Elf:1)
  An ironbrand convoker (Vaults:4)
  A deep elf archer (Elf:1)
  2 deep elf magi
  An ugly thing (Vaults:3)
  2 yaktaurs (Vaults:3)
  An air elemental (Elf:2)
  A tarantella (Spider:4)
  A human (Swamp:2)
  A swamp worm (Swamp:1)
  2 orc warriors
  2 ogres (Vaults:4)
  3 slaves (D:5)
  A necrophage (Crypt:1)
  A centaur zombie (Ossuary)
  A mummy (Ossuary)
  A gnoll (D:4)
  2 white imps (IceCv)
  An ufetubus (IceCv)
  2 orcs
  A briar patch (Swamp:2)
  A fire vortex (D:3)
  24 fungi
  A lurking horror (Abyss:2)
  5 plants
  4 starspawn tentacles (Abyss:2)
79 creatures vanquished.

Grand Total: 1713 creatures vanquished

Notes
Turn   | Place    | Note
-------+----------+-------------------------------------------
     0 | D:1      | Goblin1989 the Demonspawn Chaos Knight began the quest for the Orb.
     0 | D:1      | Reached XP level 1. HP: 18/18 MP: 1/1
    50 | D:1      | Reached skill level 1 in Dodging
   130 | D:1      | Gained mutation: You are slightly more attuned to the shadows. [demonic ancestry]
   130 | D:1      | Reached XP level 2. HP: 24/24 MP: 2/2
   176 | D:1      | XOM: butterfly on damage
   307 | D:1      | XOM: divination: detect items
   416 | D:1      | XOM: silly message
   468 | D:1      | XOM: noise
   633 | D:1      | XOM: silly message
   726 | D:1      | XOM: harmless Chrm miscast
  1088 | D:2      | Reached XP level 3. HP: 29/29 MP: 3/3
  1252 | D:2      | XOM: harmless Necr miscast
  1485 | D:2      | Noticed Jessica
  1489 | D:2      | Killed Jessica
  1489 | D:2      | Gained mutation: You are partially covered in iridescent scales. (AC +2) [demonic ancestry]
  1489 | D:2      | Reached XP level 4. HP: 34/35 MP: 4/4
  1683 | D:2      | Found a shattered altar of Ashenzari.
  1756 | D:2      | XOM: harmless Necr miscast
  1808 | D:2      | Noticed Terence
  1877 | D:2      | Killed Terence
  2087 | D:2      | Found a runed door.
  2801 | D:2      | XOM: harmless Fire miscast
  2868 | D:2      | Noticed Crazy Yiuf
  2875 | D:2      | Killed Crazy Yiuf
  2875 | D:2      | Gained mutation: You are significantly more attuned to the shadows. [demonic ancestry]
  2875 | D:2      | Reached XP level 5. HP: 30/42 MP: 5/5
  3001 | D:3      | XOM: confuse monster(s)
  3022 | D:3      | XOM: swap monsters
  3026 | D:3      | Reached skill level 4 in Fighting
  3053 | D:3      | Noticed Grinder
  3077 | D:2      | XOM: mild Summ miscast
  3119 | D:3      | XOM: mild Fire miscast
  3123 | D:3      | XOM: butterfly on damage
  3321 | D:3      | Gained mutation: You have large cloven feet. [demonic ancestry]
  3321 | D:3      | Reached XP level 6. HP: 48/48 MP: 6/6
  3634 | D:3      | Found a sparkling altar of Nemelex Xobeh.
  3635 | D:3      | Found a transporter.
  3737 | D:3      | XOM: harmless Tmut miscast
  3763 | D:3      | Found a hazy altar of Hepliaklqana.
  3841 | D:3      | XOM: mild Erth miscast
  3874 | D:3      | XOM: enchant monster (bad)
  3878 | D:3      | XOM: potion effect (haste)
  3880 | D:3      | XOM: summons 3 friendly demons
  4087 | D:3      | XOM: give mutation
  4087 | D:3      | Gained mutation: You are weak. (Str -2) [Xom's mischief]
  4343 | D:4      | XOM: harmless Summ miscast
  4459 | D:4      | Found a radiant altar of Vehumet.
  4462 | D:4      | Got a slimy long sword
  4463 | D:4      | Identified the +12 long sword of Puux {protect, *Drain +Inv Dex+4 SInv} (You found it on level 4 of the Dungeon)
  4721 | D:4      | XOM: enchant monster (good)
  4738 | D:4      | Reached XP level 7. HP: 26/54 MP: 7/7
  5078 | D:4      | XOM: divination: detect creatures
  5154 | D:4      | XOM: god gift: knobbly glowing staff {god gift}
  5321 | D:4      | XOM: give mutations
  5321 | D:4      | Gained mutation: You passively map a small area around you. [Xom's grace]
  5321 | D:4      | Gained mutation: You have a pair of small antennae on your head. [Xom's grace]
  5321 | D:4      | Gained mutation: You are agile. (Dex +2) [Xom's grace]
  5341 | D:5      | Entered Level 5 of the Dungeon
  5412 | D:5      | XOM: god gift: 21 gold pieces {god gift}
  5548 | D:5      | Noticed Pikel
  5616 | D:5      | XOM: cast spell 'Summon Hydra'
  5617 | D:5      | Reached skill level 5 in Long Blades
  5638 | D:5      | Found an ancient bone altar of Kikubaaqudgha.
  5639 | D:5      | XOM: fog
  5661 | D:5      | Gained mutation: You have hoof-like feet. [demonic ancestry]
  5661 | D:5      | Reached XP level 8. HP: 44/60 MP: 8/8
  5713 | D:5      | XOM: god gift: vibrating turquoise ring {god gift}
  5714 | D:5      | Got a vibrating turquoise ring {god gift}
  5717 | D:5      | Identified the ring "Ecemoyx" {god gift, rElec MP+9} (Xom gifted it to you on level 5 of the Dungeon)
  5757 | D:5      | Found a sand-covered staircase.
  5764 | Ossuary  | Entered an ossuary
  5767 | Ossuary  | XOM: god gift: book of Changes {god gift}
  5775 | Ossuary  | XOM: destruction
  5854 | Ossuary  | XOM: divine lightning
  6233 | D:5      | Killed Pikel
  6517 | D:5      | Gained mutation: You sometimes gain a little power by taking damage. [demonic ancestry]
  6517 | D:5      | Reached XP level 9. HP: 65/65 MP: 9/9
  6903 | D:6      | Found a faded altar of an unknown god.
  6903 | D:6      | Found a staircase to the Ecumenical Temple.
  7017 | D:6      | Found a deep blue altar of Sif Muna.
  7238 | D:6      | XOM: smoke on damage
  7366 | D:6      | XOM: silly message
  7396 | D:6      | Found a transporter.
  7396 | D:6      | Noticed a six-headed hydra
  7401 | D:6      | Noticed a purple ugly thing
  7406 | D:6      | Found a transporter.
  7603 | D:6      | XOM: god gift: robe {god gift}
  7798 | D:7      | XOM: silly message
  7916 | D:7      | Reached skill level 10 in Long Blades
  8223 | D:7      | XOM: polymorph orc priest -> worker ant
  8571 | D:8      | Reached skill level 5 in Fighting
  8578 | D:8      | Noticed a two-headed ogre
  8602 | D:8      | Lost mutation: You are agile. (Dex +2) [potion of mutation]
  8602 | D:8      | Lost mutation: You are weak. (Str -2) [potion of mutation]
  8602 | D:8      | Lost mutation: You have a pair of small antennae on your head. [potion of mutation]
  8602 | D:8      | Gained mutation: You possess an exceptional clarity of mind. [potion of mutation]
  8602 | D:8      | Gained mutation: You are resistant to hostile enchantments. (MR+) [potion of mutation]
  8602 | D:8      | Gained mutation: You expend magic power (3 MP) to strengthen your wands. [potion of mutation]
  8607 | D:8      | XOM: 3-stop teleportation journey
  8622 | D:8      | Found an opulent altar of Gozag.
  8622 | D:8      | XOM: 5-stop teleportation journey
  8631 | D:8      | XOM: harmless Conj miscast
  8731 | D:8      | XOM: scenery: 1 doors open
  8740 | D:8      | XOM: scenery: create altars
  8776 | D:8      | XOM: fog
  8843 | D:8      | XOM: god gift: 28 stones {god gift}
  8918 | D:8      | XOM: cloud trail
  8921 | D:8      | XOM: mild Necr miscast
  9069 | D:8      | Found a glowing golden altar of the Shining One.
  9091 | D:8      | XOM: noise
  9095 | D:8      | Reached XP level 10. HP: 42/74 MP: 10/10
  9265 | D:8      | XOM: summons 2 hostile shadow creatures
  9302 | D:8      | XOM: give mutations
  9302 | D:8      | Gained mutation: You are somewhat resistant to further mutation. [Xom's grace]
  9302 | D:8      | Gained mutation: You have sharp fingernails. [Xom's grace]
  9361 | D:8      | XOM: smoke on damage
  9376 | D:8      | XOM: enchant monster (good)
  9593 | D:8      | XOM: god gift: leather armour {god gift}
  9595 | D:8      | XOM: 2-stop teleportation journey
  9657 | D:8      | XOM: cloud trail
  9777 | D:8      | Found a roughly hewn altar of Beogh.
 10135 | D:8      | XOM: summons 6 friendly demons
 10137 | D:8      | XOM: scenery: create altars
 10138 | D:8      | Killed a two-headed ogre
 10138 | D:8      | Reached skill level 5 in Armour
 10205 | D:9      | Reached skill level 6 in Fighting
 10542 | D:9      | Reached skill level 1 in Evocations
 10548 | D:9      | Reached skill level 5 in Dodging
 10555 | D:9      | XOM: mild Necr miscast
 10560 | D:9      | XOM: smoke on damage
 10727 | D:9      | Found a staircase to the Orcish Mines.
 11092 | D:9      | XOM: give mutations
 11092 | D:9      | Lost mutation: You are resistant to hostile enchantments. (MR+) [Xom's mischief]
 11092 | D:9      | Gained mutation: Your magical capacity is low. (-10% MP) [Xom's mischief]
 11092 | D:9      | Lost mutation: You are somewhat resistant to further mutation. [Xom's mischief]
 11092 | D:9      | Gained mutation: You evolve. [Xom's mischief]
 11092 | D:9      | Gained mutation: You have a pair of small antennae on your head. [Xom's mischief]
 11126 | D:9      | XOM: stat loss: -1 Int (13/14)
 11175 | D:10     | Entered Level 10 of the Dungeon
 11217 | D:10     | Noticed an unseen horror
 11222 | D:10     | XOM: blink monster(s)
 11224 | D:10     | Killed an unseen horror
 11260 | D:10     | XOM: mild Fire miscast
 11265 | D:10     | Noticed Joseph
 11272 | D:10     | XOM: smoke on damage
 11275 | D:10     | XOM: smoke on damage
 11277 | D:10     | XOM: divination: magic mapping
 11290 | D:10     | Killed Joseph
 11545 | D:10     | XOM: enchant monster (bad)
 12006 | D:10     | Found a staircase to the Lair.
 12165 | D:10     | XOM: medium Erth miscast
 12347 | D:11     | Noticed a two-headed ogre
 12349 | D:11     | Gained mutation: You are mostly covered in iridescent scales. (AC +4) [demonic ancestry]
 12349 | D:11     | Reached XP level 11. HP: 83/83 MP: 11/11
 12349 | D:11     | XOM: enchant monster (good)
 12360 | D:11     | XOM: noise
 12509 | D:11     | Reached skill level 7 in Fighting
 12513 | D:11     | XOM: god gift: 4 rations {god gift}
 12543 | D:11     | Noticed a two-headed ogre
 12548 | D:11     | Killed a two-headed ogre
 12601 | D:11     | XOM: harmless Fire miscast
 12758 | D:11     | Noticed a cyan ugly thing
 12769 | D:11     | Killed a cyan ugly thing
 13152 | D:11     | XOM: silly message
 13165 | D:11     | Killed a two-headed ogre
 13336 | D:11     | XOM: medium Ice miscast
 13526 | D:12     | XOM: 2-stop teleportation journey
 13693 | D:12     | XOM: 4-stop teleportation journey
 13740 | D:12     | XOM: enchant monster (bad)
 14039 | D:12     | Noticed Gastronok
 14043 | D:12     | XOM: harmless Tmut miscast
 14057 | D:12     | Killed Gastronok
 14387 | D:12     | Found a stormy altar of Qazlal.
 14399 | D:12     | XOM: divination: magic mapping
 14739 | Lair:1   | Entered Level 1 of the Lair of Beasts
 14765 | Lair:1   | Reached skill level 5 in Evocations
 14932 | Lair:1   | Reached skill level 8 in Fighting
 15068 | Lair:1   | Noticed a seven-headed hydra
 15113 | Lair:1   | Killed a 20-headed hydra
 15146 | Lair:1   | XOM: 1-stop teleportation journey
 15427 | Lair:1   | XOM: harmless Tmut miscast
 15457 | Lair:1   | XOM is BORED!
 15457 | Lair:1   | XOM: give mutations
 15457 | Lair:1   | Lost mutation: You evolve. [Xom's mischief]
 15457 | Lair:1   | Gained mutation: Your spells are a little harder to cast, but a little more powerful. [Xom's mischief]
 15457 | Lair:1   | Gained mutation: You are frail. (-10% HP) [Xom's mischief]
 15539 | Lair:1   | XOM: summons friendly ufetubus
 15542 | Lair:1   | Gained mutation: You are completely attuned to the shadows. [demonic ancestry]
 15542 | Lair:1   | Reached XP level 12. HP: 80/83 MP: 14/14
 16291 | Lair:2   | XOM: silly message
 16296 | Lair:2   | XOM: harmless Summ miscast
 16332 | Lair:2   | XOM: mild Pois miscast
 16416 | Lair:2   | XOM: summons 6 hostile demons
 16569 | Lair:2   | XOM: mild Summ miscast
 16635 | Lair:2   | XOM: give mutations
 16635 | Lair:2   | Gained mutation: You are very frail. (-20% HP) [Xom's mischief]
 16635 | Lair:2   | Lost mutation: You passively map a small area around you. [Xom's mischief]
 16635 | Lair:2   | Lost mutation: Your magical capacity is low. (-10% MP) [Xom's mischief]
 16635 | Lair:2   | Gained mutation: Scrolls take you a little longer to read. [Xom's mischief]
 16673 | Lair:2   | XOM: harmless Summ miscast
 16976 | Lair:2   | XOM: harmless Pois miscast
 17267 | Lair:2   | XOM: cleaving
 17421 | Lair:2   | XOM: torment (39/75 hp)
 17496 | Lair:2   | XOM: cloud trail
 18216 | Lair:3   | XOM: mild Air miscast
 18244 | Lair:3   | XOM: noise
 18271 | Lair:3   | Reached skill level 9 in Fighting
 18416 | Lair:3   | XOM: harmless Ice miscast
 18789 | Lair:3   | XOM: medium Pois miscast
 19127 | Lair:3   | XOM: potion effect (heal wounds)
 19137 | Lair:3   | XOM: harmless Hex miscast
 19210 | Lair:4   | XOM: cast spell 'Cause Fear'
 19213 | Lair:4   | XOM: confuse monster(s)
 19214 | Lair:4   | XOM: 2-stop teleportation journey
 19232 | Lair:4   | XOM: confuse monster(s)
 19237 | Lair:4   | Got a dazzling mace
 19429 | Lair:4   | XOM: cast spell 'Summon Hydra'
 19600 | Lair:4   | XOM: cleaving
 19609 | Lair:4   | XOM: confuse monster(s)
 19615 | Lair:4   | Reached skill level 1 in Shields
 19616 | Lair:4   | XOM: summons friendly ufetubus
 19617 | Lair:4   | XOM: 1-stop teleportation journey
 19663 | Lair:4   | Gained mutation: You sometimes gain power by taking damage. [demonic ancestry]
 19663 | Lair:4   | Reached XP level 13. HP: 54/80 MP: 18/18
 19949 | Lair:4   | XOM: harmless Tloc miscast
 19953 | Lair:4   | Found a staircase to the Swamp.
 20143 | Lair:4   | XOM: medium Tmut miscast
 20579 | Lair:5   | XOM: noise
 20642 | Lair:5   | Found a frozen archway.
 20661 | IceCv    | XOM: stealth player
 20661 | IceCv    | Entered an ice cave
 20795 | IceCv    | Killed a reaper
 20888 | IceCv    | XOM: 7-stop teleportation journey
 21102 | IceCv    | XOM: enchant monster (good)
 21177 | IceCv    | XOM: smoke on damage
 21187 | IceCv    | Reached skill level 10 in Fighting
 21292 | IceCv    | XOM: give mutations
 21292 | IceCv    | Lost mutation: You possess an exceptional clarity of mind. [Xom's mischief]
 21292 | IceCv    | Gained mutation: Armour fits poorly on your strangely shaped body. [Xom's mischief]
 21292 | IceCv    | Gained mutation: Your mind is acute. (Int +2) [Xom's mischief]
 21292 | IceCv    | Lost mutation: You have sharp fingernails. [Xom's mischief]
 21415 | IceCv    | XOM: mild Fire miscast
 21605 | IceCv    | XOM: summons 4 hostile shadow creatures
 21941 | IceCv    | Got a jewelled demon blade
 21953 | IceCv    | Identified the +6 demon blade "Demonbane" {drain, +Fly rF+ Int+4} (You found it in an ice cave)
 22169 | IceCv    | XOM: give mutations
 22169 | IceCv    | Gained mutation: You passively map a small area around you. [Xom's mischief]
 22169 | IceCv    | Lost mutation: Your spells are a little harder to cast, but a little more powerful. [Xom's mischief]
 22347 | Lair:5   | Identified the cursed +0 mace of Blind Justice {freeze, rElec Str+2} (You found it on level 4 of the Lair of Beasts)
 22527 | Lair:5   | XOM: 4-stop teleportation journey
 22531 | Lair:5   | XOM: polymorph elephant -> guardian serpent
 22537 | Lair:5   | XOM: mild Tloc miscast
 22540 | Lair:5   | XOM: blink monster(s)
 22922 | Lair:5   | XOM: enchant monster (good)
 23121 | Lair:5   | XOM: mild Fire miscast
 23151 | Lair:5   | XOM: mild Tloc miscast
 23353 | Lair:5   | XOM: butterfly on damage
 23584 | Lair:5   | XOM: harmless Fire miscast
 23881 | Lair:5   | XOM: god gift: 10 gold pieces {god gift}
 23957 | Lair:6   | Entered Level 6 of the Lair of Beasts
 23957 | Lair:6   | XOM: cast spell 'Ring of Flames'
 24154 | Lair:6   | XOM is BORED!
 24154 | Lair:6   | XOM: medium Fire miscast
 24306 | Lair:6   | XOM: potion effect (agility)
 24307 | Lair:6   | XOM: polymorph hippogriff -> moth of wrath
 24315 | Lair:6   | XOM: cast spell 'Metabolic Englaciation'
 24317 | Lair:6   | XOM: mild Erth miscast
 24715 | Lair:6   | XOM: noise
 24716 | Lair:6   | XOM: 3-stop teleportation journey
 24748 | Lair:6   | XOM: harmless Necr miscast
 24906 | Lair:6   | Found a staircase to the Slime Pits.
 24906 | Lair:6   | Found a viscous altar of Jiyva.
 25650 | Lair:6   | XOM: mild Tloc miscast
 25699 | Lair:6   | XOM: mild Tloc miscast
 25803 | Lair:5   | XOM: 9-stop teleportation journey
 25987 | Orc:1    | Entered Level 1 of the Orcish Mines
 26047 | Orc:1    | XOM: divination: magic mapping
 26054 | Orc:1    | Reached skill level 11 in Fighting
 26231 | Orc:1    | XOM: 1-stop teleportation journey
 26408 | Orc:1    | XOM: summons friendly quasit
 26411 | Orc:1    | Reached skill level 10 in Armour
 26411 | Orc:1    | Reached XP level 14. HP: 78/90 MP: 19/19
 26544 | Temple   | Entered the Ecumenical Temple
 26764 | D:8      | Fell from the grace of Xom
 26764 | D:8      | Became a worshipper of Gozag Ym Sagoz the Greedy
 27119 | Orc:2    | Entered Level 2 of the Orcish Mines
 27119 | Orc:2    | Noticed Maurice
 27128 | Orc:2    | Killed Maurice
 27522 | Orc:1    | XOM: stat loss: -3 Str (14/17)
 27754 | Orc:1    | Lost mutation: You are very frail. (-20% HP) [potion of mutation]
 27754 | Orc:1    | Lost mutation: Armour fits poorly on your strangely shaped body. [potion of mutation]
 27754 | Orc:1    | Lost mutation: You expend magic power (3 MP) to strengthen your wands. [potion of mutation]
 27754 | Orc:1    | Lost mutation: Scrolls take you a little longer to read. [potion of mutation]
 27754 | Orc:1    | Lost mutation: You are frail. (-10% HP) [potion of mutation]
 27754 | Orc:1    | Gained mutation: Your spells are a little easier to cast, but a little less powerful. [potion of mutation]
 27754 | Orc:1    | Gained mutation: Your system is resistant to poisons. (rPois) [potion of mutation]
 28084 | Orc:2    | Found a staircase to the Elven Halls.
 28365 | Orc:2    | Found Zamol's Armour Shop.
 28366 | Orc:2    | Found Dintuj's Weapon Boutique.
 28367 | Orc:2    | Found Zoenaapn's Distillery.
 28372 | Orc:2    | Found Coureo's Food Shop.
 28378 | Orc:2    | Bought a potion of resistance for 160 gold pieces
 28378 | Orc:2    | Bought a potion of brilliance for 64 gold pieces
 28378 | Orc:2    | Bought a potion of heal wounds for 80 gold pieces
 28388 | Orc:2    | Bought the +1 buckler of Liberalism {rElec rPois Regen+} for 277 gold pieces
 29099 | D:13     | Noticed 4thArraOfDagon's ghost (journeyman FeFE)
 29496 | D:13     | Killed 4thArraOfDagon's ghost
 29663 | D:13     | XOM: medium Ice miscast
 30429 | D:13     | Found Zilaups's Antique Armour Emporium.
 30476 | D:13     | XOM: mild Tloc miscast
 31172 | D:14     | Found a shadowy altar of Dithmenos.
 31205 | D:14     | Reached skill level 1 in Throwing
 31336 | D:14     | Noticed Roxanne
 31524 | D:14     | XOM: medium Conj miscast
 31651 | D:14     | Reached skill level 12 in Fighting
 31717 | D:14     | Found a gate to the Vaults.
 31768 | D:14     | Noticed Urug
 31782 | D:14     | Killed Urug
 31802 | D:14     | Found a shattered altar of Ashenzari.
 31872 | D:15     | Entered Level 15 of the Dungeon
 32205 | D:15     | XOM: scenery: create altars
 32258 | D:15     | XOM: mild Necr miscast
 32327 | D:15     | Reached XP level 15. HP: 82/120 MP: 20/20
 32385 | D:15     | XOM: give mutations
 32385 | D:15     | Lost mutation: Your mind is acute. (Int +2) [Xom's mischief]
 32385 | D:15     | Gained mutation: You are dopey. (Int -2) [Xom's mischief]
 32710 | D:15     | Reached skill level 10 in Dodging
 32723 | D:15     | Found a staircase to the Depths.
 33040 | Lair:2   | Found a hole to the Spider Nest.
 33130 | Spider:1 | Entered Level 1 of the Spider Nest
 33373 | D:13     | Bought a spiked crystal plate armour for 2890 gold pieces
 33383 | D:13     | Identified the +12 crystal plate armour of the Bull {MR- Str+4} (You bought it in a shop on level 13 of the Dungeon)
 33520 | Lair:1   | XOM: give mutations
 33520 | Lair:1   | Lost mutation: You have a pair of small antennae on your head. [Xom's mischief]
 33520 | Lair:1   | Gained mutation: Your body sometimes deteriorates upon taking damage. [Xom's mischief]
 33520 | Lair:1   | Gained mutation: You are very dopey. (Int -4) [Xom's mischief]
 33544 | Lair:1   | XOM: scenery: create altars
 33608 | Spider:1 | XOM: mild Pois miscast
 33649 | Spider:1 | Noticed Donald
 33681 | Spider:1 | Killed Donald
 33863 | Spider:1 | XOM: medium Chrm miscast
 34235 | Spider:1 | Reached skill level 5 in Shields
 34243 | Spider:1 | Noticed a ghost moth
 34251 | Spider:1 | Reached skill level 13 in Fighting
 34273 | Spider:1 | Nulkur: Did you switch from Xom to Gozag?
 34274 | Spider:1 | p0werm0de: help
 34274 | Spider:1 | p0werm0de: discord became toxic
 34274 | Spider:1 | p0werm0de: i'm back to webtiles chat
 34274 | Spider:1 | p0werm0de: :>
 34274 | Spider:1 | Nulkur: I didn't even know there was a discord :P
 34274 | Spider:1 | Goblin1989: !hs *fefe
 34274 | Spider:1 | beem: No keyword '*fefe'
 34274 | Spider:1 | Goblin1989: !hs *fefe
 34274 | Spider:1 | beem: No keyword '*fefe'
 34274 | Spider:1 | Nulkur: <.<
 34274 | Spider:1 | Nulkur: !hs
 34274 | Spider:1 | Nulkur: rip
 34274 | Spider:1 | beem: 75. Nulkur the Thaumaturge (L11 MuEE of Vehumet), mangled by a catoblepas on Lair:2 (infiniplex_staircase_pool) on 2018-04-20 14:17:56, with 15153 points after 18971 turns and 1:00:05.
 34274 | Spider:1 | beem: rip
 34274 | Spider:1 | Nulkur: Oh, highscore
 34274 | Spider:1 | p0werm0de: notbed
 34274 | Spider:1 | p0werm0de: !hs .
 34274 | Spider:1 | beem: 12791. p0werm0de the Thanatomancer (L27 VSCK of Cheibriados), escaped with the Orb and 15 runes on 2018-02-11 03:33:09, with 57308517 points after 25208 turns and 3:58:46.
 34274 | Spider:1 | Nulkur: notbed
 34274 | Spider:1 | Nulkur: I use different usernames for different characters because silly rp
 34274 | Spider:1 | Nulkur: So I think I have a better highscore on some different account, not amazing but
 34274 | Spider:1 | p0werm0de: i c
 34274 | Spider:1 | p0werm0de: so youre actually yermak ?
 34274 | Spider:1 | Nukog: Yermak...
 34274 | Spider:1 | Nukog: !hs
 34274 | Spider:1 | beem: 156. Nukog the Shatterer (L15 OgWn of Trog), blasted by a guardian serpent (bolt of poison) (kmap: st_stairs_3) on Snake:1 on 2016-09-09 14:54:50, with 78246 points after 28397 turns and 2:31:27.
 34274 | Spider:1 | Nukog: Hm
 34274 | Spider:1 | Nukog: I've never even been to Vault 5 ;-;
 34274 | Spider:1 | Killed a ghost moth
 36056 | Spider:3 | XOM: 3-stop teleportation journey
 36093 | Spider:3 | XOM: give mutation
 36093 | Spider:3 | Lost mutation: Your body sometimes deteriorates upon taking damage. [Xom's mischief]
 36119 | Spider:3 | Gained mutation: You are robust. (+10% HP) [demonic ancestry]
 36119 | Spider:3 | Reached XP level 16. HP: 79/145 MP: 21/21
 36412 | Spider:3 | XOM: give mutation
 36412 | Spider:3 | Gained mutation: You occasionally shout uncontrollably at your foes. [Xom's mischief]
 36656 | Spider:3 | Reached skill level 14 in Fighting
 36692 | Spider:3 | XOM: scenery: create altars
 36947 | Spider:4 | Entered Level 4 of the Spider Nest
 36950 | Spider:4 | Goblin1989: !hs . **CK
 36950 | Spider:4 | beem: No keyword '**CK'
 36950 | Spider:4 | Goblin1989: !hs . CK
 36950 | Spider:4 | beem: 26. Goblin1989 the Fighter (L16 DsCK of Xom), blasted by a smoke demon (ball of steam) (summoned by a deep elf mage) on Abyss:3 on 2018-02-16 07:12:10, with 141530 points after 25846 turns and 1:31:00.
 37206 | Spider:4 | Noticed Asterion
 37236 | Spider:4 | Killed Asterion
 37462 | Spider:4 | Noticed Jorgrun
 37475 | Spider:4 | Killed Jorgrun
 37648 | Spider:4 | Got a crystal arbalest
 37662 | Spider:4 | XOM: stat loss: -2 Str (20/22)
 37717 | Spider:4 | XOM: mild Conj miscast
 37747 | Spider:4 | XOM: mild Ice miscast
 37920 | Spider:4 | Got a gossamer rune of Zot
 38462 | Vaults:1 | Entered Level 1 of the Vaults
 38481 | Vaults:1 | Gained mutation: You are completely covered in iridescent scales. (AC +6) [demonic ancestry]
 38481 | Vaults:1 | Reached XP level 17. HP: 128/154 MP: 22/22
 38517 | Vaults:1 | Reached skill level 10 in Shields
 38972 | D:14     | Reached skill level 15 in Fighting
 39210 | Vaults:1 | XOM: give mutation
 39210 | Vaults:1 | Gained mutation: You are resistant to electric shocks. (rElec) [Xom's grace]
 39285 | Vaults:1 | Identified the +6 arbalest of the Extremes {elec, rPois Int+5} (You found it on level 4 of the Spider Nest)
 39501 | Vaults:1 | Paralysed by an ogre mage for 4 turns
 40005 | Vaults:1 | Found a hazy altar of Hepliaklqana.
 40015 | Vaults:1 | Found Maihom's General Store.
 40020 | Vaults:1 | Bought a potion of heal wounds for 75 gold pieces
 40020 | Vaults:1 | Bought a potion of heal wounds for 75 gold pieces
 40184 | Vaults:1 | Reached XP level 18. HP: 127/163 MP: 23/23
 40193 | Vaults:1 | XOM: enchant monster (bad)
 40220 | Vaults:1 | XOM: give mutations
 40220 | Vaults:1 | Lost mutation: You occasionally shout uncontrollably at your foes. [Xom's mischief]
 40220 | Vaults:1 | Lost mutation: Your spells are a little easier to cast, but a little less powerful. [Xom's mischief]
 40220 | Vaults:1 | Gained mutation: Scrolls take you a little longer to read. [Xom's mischief]
 40372 | Vaults:1 | XOM: give mutation
 40372 | Vaults:1 | Lost mutation: You are very dopey. (Int -4) [Xom's mischief]
 41105 | Vaults:2 | Found a staircase to the Crypt.
 41224 | Vaults:2 | XOM: give mutation
 41224 | Vaults:2 | Gained mutation: Your body sometimes deteriorates upon taking damage. [Xom's mischief]
 41224 | Vaults:2 | Was forgiven by Xom
 42004 | Vaults:2 | Cast into level 2 of the Abyss (a deep elf sorcerer)
 42183 | Abyss:2  | Reached skill level 16 in Fighting
 42453 | Vaults:2 | Escaped the Abyss
 42546 | Vaults:2 | Bought a faintly glowing lead ring for 190 gold pieces
 42549 | Vaults:2 | Identified the ring of Yplobiv {Fire rElec rPois Slay+2} (You bought it in a shop on level 2 of the Vaults)
 42554 | Vaults:2 | Bought a pair of glowing boots for 142 gold pieces
 42566 | Vaults:2 | Identified a +1 pair of boots of running (You bought it in a shop on level 2 of the Vaults)
 43351 | Vaults:3 | Gained mutation: You are very robust. (+20% HP) [demonic ancestry]
 43351 | Vaults:3 | Reached XP level 19. HP: 165/188 MP: 24/24
 43582 | Vaults:3 | Reached skill level 15 in Armour
 44807 | Vaults:3 | Noticed a lich
 44808 | Vaults:3 | Found a radiant altar of Vehumet.
 44808 | Vaults:3 | Paralysed by a lich for 7 turns
 44824 | Vaults:3 | Killed a lich
 44840 | Vaults:3 | Got a jewelled hat
 44851 | Vaults:3 | Identified the +1 hat "Wiptuam" {rPois Str-2 Dex+3 SInv} (You found it on level 3 of the Vaults)
 44853 | Vaults:3 | Got a warped hat
 44864 | Vaults:3 | Identified the +2 hat "Womiubed" {*Slow rN+ rCorr Slay+3} (You found it on level 3 of the Vaults)
 44884 | Vaults:3 | Got a steaming robe
 44955 | Vaults:3 | Got a transparent robe
 45382 | Vaults:4 | Found Xasidouh's Armour Boutique.
 45766 | Vaults:4 | Paralysed by a sphinx for 4 turns
 45889 | Vaults:4 | Reached skill level 15 in Shields
 46036 | Vaults:4 | Reached XP level 20. HP: 200/200 MP: 25/25
 46185 | Vaults:4 | Reached skill level 17 in Fighting
 46729 | Vaults:4 | Got a brightly glowing iron ring
 46736 | Vaults:4 | Identified the ring "Dicij" {Wiz Int+4} (You found it on level 4 of the Vaults)
 46993 | Depths:1 | Entered Level 1 of the Depths
 47299 | D:15     | ReniFell: Нормальная бронь
 47299 | D:15     | Goblin1989: mr+
 47299 | D:15     | Goblin1989: резистов почти нет
 47299 | D:15     | ReniFell: Херовато
 47299 | D:15     | Goblin1989: пипец какое говно
 47300 | D:15     | ReniFell: Пушка еще не очень
 47300 | D:15     | Goblin1989: 9+12?
 47300 | D:15     | ReniFell: Эльфов делал?
 47300 | D:15     | ReniFell: Дабл меч надо!
 47300 | D:15     | Goblin1989: нет
 47300 | D:15     | Goblin1989: с таким мр в эльфы ссыкотно
 47300 | D:15     | ReniFell: Да, херово
 47300 | D:15     | Goblin1989: можно попробовать слаймы, тем более ркорр есть
 47304 | D:15     | ReniFell: В слаймах без мр еще хуже
 47314 | D:15     | Goblin1989: ну да, и один пон инвиза всего
 47314 | D:15     | Goblin1989: не пойдет
 47937 | Elf:1    | Entered Level 1 of the Elven Halls
 49329 | Elf:2    | Found a runed gate.
 49329 | Elf:2    | Found a runed gate.
 49329 | Elf:2    | Found a runed gate.
 49409 | Elf:2    | ReniFell: В принципе достаточно просто зал мечей почистить, будет гуд если выпадет
 49414 | Elf:2    | ReniFell: Е3 я бы не стал чистить с таким мр
 49414 | Elf:2    | Goblin1989: не забыл что у меня гозаг?
 49414 | Elf:2    | Goblin1989: он ВСЕ трупы в золото превращает
 49414 | Elf:2    | ReniFell: А че, мечи тоже в голду превращаются?
 49414 | Elf:2    | ReniFell: МДА
 49414 | Elf:2    | Goblin1989: та
 49414 | Elf:2    | Goblin1989: да
 49511 | Elf:2    | ReniFell: Ну тогда хз даже
 49511 | Elf:2    | ReniFell: Какой-то плохой бог
 49511 | Elf:2    | Goblin1989: я с гозагом туда даже двери не открываю
 49511 | Elf:2    | Goblin1989: толку примерно 0
 49511 | Elf:2    | ReniFell: Магазинов мб поспамить, хз... Этот меч напрягает жутко
 49511 | Elf:2    | ReniFell: Вот этот лучше гораздо
 49511 | Elf:2    | Goblin1989: ну как сказать
 49511 | Elf:2    | Goblin1989: тот 9+12
 49511 | Elf:2    | Goblin1989: этот 12+6
 49511 | Elf:2    | ReniFell: Даже не в энчанте дело, а в бранде
 49511 | Elf:2    | ReniFell: Прот жутко ненужный
 49511 | Elf:2    | Goblin1989: ну мне пока норм
 49511 | Elf:2    | Goblin1989: урона хвататет
 49511 | Elf:2    | Goblin1989: я тот меч сменю когда найду обычный блейд и заточу
 49633 | Elf:2    | ReniFell: Тоже верно
 49633 | Elf:2    | Goblin1989: так можно еще в дэжпсы разик сунуться
 49906 | D:15     | Goblin1989: сууки!
 49906 | D:15     | Goblin1989: мне магаз с бижутерией нужетн, а не
 49906 | D:15     | ReniFell: Ну попробуй вепон, чо
 49906 | D:15     | Goblin1989: это говно!
 49906 | D:15     | ReniFell: Или армор
 49906 | D:15     | Goblin1989: армор не антикеварный
 49906 | D:15     | Goblin1989: его без толку брать
 49906 | D:15     | ReniFell: Вепон 100%
 49906 | D:15     | Goblin1989: урона мне хватает, плюс я по-любому могу найти демон блейд
 49906 | D:15     | ReniFell: А вдруг дабл
 49906 | D:15     | ReniFell: В генерал сторах всякая дичь обычно
 49906 | D:15     | ReniFell: Камни какие-нить продаются
 49906 | D:15     | ReniFell: Норм тема
 49906 | D:15     | Goblin1989: я с даблами редко хожу
 49906 | D:15     | ReniFell: Ну они и падают редко
 49906 | D:15     | Goblin1989: ну ок, потратим 1000 золота
 49906 | D:15     | ReniFell: Только в тех же эльфах часто
 49907 | D:15     | ReniFell: Не завезли
 49908 | D:15     | ReniFell: Вот блин
 49908 | D:15     | ReniFell: 3 топ шопа
 49908 | D:15     | Goblin1989: неа
 49908 | D:15     | Goblin1989: только антикварные топ
 49908 | D:15     | Goblin1989: кстати
 49908 | D:15     | ReniFell: Тебе щас даже обычное кольцо на мр подойдет, так что обычный джевел тоже топ
 49908 | D:15     | Goblin1989: ну я могу насобирать еще денег на магаз в крипте
 49908 | D:15     | ReniFell: Надо думать что взять...
 49908 | D:15     | Goblin1989: а вот перчатки и плащик у меня трешевые
 49908 | D:15     | Goblin1989: да и щит, чего говорить
 49908 | D:15     | ReniFell: Да, я бы армор взял, пожалуй
 49908 | D:15     | Goblin1989: но не факт что они там нормальные попадутся
 49908 | D:15     | Goblin1989: так, армор беру
 49908 | D:15     | ReniFell: Ну на дабл еще меньше шанс
 49909 | D:15     | Bought a pair of dazzling gloves for 304 gold pieces
 49919 | D:15     | Identified the +2 pair of gloves "Surif" {-Tele rC+ rN+ Int+3} (You bought it in a shop on level 15 of the Dungeon)
 49919 | D:15     | ReniFell: Рунед клоака
 49919 | D:15     | ReniFell: Бля ну и говно
 49919 | D:15     | Bought a runed cloak for 240 gold pieces
 49919 | D:15     | ReniFell: Перчи еще гловинг
 49932 | D:15     | Bought a pair of glowing gloves for 240 gold pieces
 49942 | D:15     | ReniFell: Даже это лучше, чем -теле
 50074 | Crypt:1  | Entered Level 1 of the Crypt
 50149 | Crypt:1  | Paralysed by a vampire knight for 4 turns
 50232 | Crypt:1  | Paralysed by a vampire knight for 6 turns
 50259 | Crypt:1  | Noticed Margery
 50264 | Crypt:1  | Goblin1989: MR .....
 50634 | Crypt:1  | Reached skill level 18 in Fighting
 51041 | Crypt:1  | Killed Margery
 51068 | Crypt:1  | Reached skill level 15 in Dodging
 51302 | Crypt:1  | Found an ancient bone altar of Kikubaaqudgha.
 51382 | Crypt:1  | Found a runed gate.
 51382 | Crypt:1  | Found a runed gate.
 51382 | Crypt:1  | Found a runed gate.
 51488 | Crypt:1  | Gained mutation: You have hooves in place of feet. [demonic ancestry]
 51488 | Crypt:1  | Reached XP level 21. HP: 173/212 MP: 26/26
 51946 | Crypt:1  | Noticed a greater mummy
 51963 | Crypt:1  | Killed a greater mummy
 52819 | Swamp:1  | Entered Level 1 of the Swamp
 52870 | Swamp:1  | Got a warped cloak
 52895 | Swamp:1  | Identified the cursed +0 cloak "Orupelyx" {rN+} (You found it on level 1 of the Swamp)
 53714 | Swamp:2  | Noticed Kirke
 53736 | Swamp:2  | Killed Kirke
 54609 | Swamp:3  | Paralysed by a hornet for 1 turns
 55182 | Swamp:4  | Entered Level 4 of the Swamp
 55293 | Swamp:4  | HP: 3/213 [titanic slime creature (70)]
 55294 | Swamp:4  | Annihilated by a titanic slime creature

Vault maps used:
D:1:      dpeg_arrival_fog
D:2:      ashenzari_conservatory_becter, minmay_distorted,
          uniq_crazy_yiuf_cottage, uniq_jessica, uniq_terence
D:3:      lemuel_crystal_altar, first_ration, grunt_nemelex_the_gamble,
          uniq_grinder
D:4:      vehumet_crystals, grunt_ministairs_4
D:5:      lemuel_round_altar, chequers_ossuary_entry_cave, uniq_pikel
D:6:      gammafunk_temple_overflow_arena, nicolae_temple_entry_ecumenical
D:8:      nicolae_tso_carved_into_rock, kennysheep_mini_moat, special_room
D:9:      orc_0_dummy, hangedman_little_slice_of_home
D:10:     lair_entry_dummy, uniq_joseph
D:12:     basic_altar, uniq_gastronok
D:13:     serial_shops, nicolae_shop_waterfront
D:14:     david_vaults_5, nicolae_dithmenos_shadow_blocks, basic_altar,
          spider_trap, uniq_roxanne, uniq_urug
D:15:     hangedman_depths_entry_try_elsewhere_first, serial_bayou_pond_b
Temple:   regret_index_temple_waves
Lair:1:   serial_forest, infiniplex_forest_lined_ring,
          infiniplex_forest_diagonal, infiniplex_forest_lined_3,
          infiniplex_forest_straight_3, beast_lair_carwin_9
Lair:2:   nicolae_spider_entry_orb_guardian, serial_bayou_ford_a,
          grunt_forest_small_clearings, st_stairs_8
Lair:4:   minmay_swamp_entry_worms, st_stairs_6
Lair:5:   portal_ice_cave_demonic_guard, serial_bayou_pond_b, st_stairs_7
Lair:6:   due_jungle_book, slime_altar_1, infiniplex_staircase_pool_2
Swamp:1:  evilmike_swamp_ruin_house_3
Swamp:2:  evilmike_swamp_ruin_house_6, swamp_pool2, uniq_kirke
Swamp:3:  evilmike_swamp_ruin_house_1, swamp_pool3
Swamp:4:  grunt_swamp_rune_castle, infiniplex_staircase_pool
Spider:1: nicolae_spider_hall_of_the_moth_king, uniq_donald
Spider:3: nicolae_spider_corner
Spider:4: grunt_spider_rune_parallel, uniq_asterion, uniq_jorgrun
Orc:2:    st_orc_mages, uniq_maurice
Elf:1:    elf_arrival_002, hangedman_elf_disciples, grunt_megastairs_3
Elf:2:    serial_shops, bzr_firewalk, grunt_ministairs_3
Vaults:1: hangedman_vaults_pinch, nicolae_vaults_little_squares_2,
          nicolae_vaults_octagons, vaults_room_corners, dpeg_vaults_monster_row,
          v_pattern_5, vaults_dpeg_cross, ontoclasm_vaults_twist,
          nicolae_vaults_little_ls, hangedman_vaults_cutoff, v_misc_30,
          serial_shops, nicolae_shop_trees, basic_altar
Vaults:2: hangedman_vaults_stagger, vaults_room_fours,
          nicolae_vaults_border_crossing, ontoclasm_vaults_ring_large,
          v_misc_17, vaults_dpeg_encased_lava, nicolae_vaults_theta,
          nicolae_vaults_ninety_degrees, vaults_room_door_ring, v_misc_28,
          nicolae_vaults_specimen_jars, vaults_room_grunt_arrival_checkpoint,
          dummy_crypt_entry
Vaults:3: nicolae_vaults_network_quincunx, v_misc_11,
          vaults_mumra_minichess_inversion, vaults_mumra_hex,
          nicolae_vaults_little_squares_2, hangedman_vaults_corner, v_rooms_2,
          v_misc_8, grunt_tower_of_power, v_alt_pattern_4,
          hangedman_vaults_impose, ontoclasm_vaults_gateway
Vaults:4: v_rooms_5, nicolae_vaults_quadrants, v_misc_25, vaults_room_corners,
          hangedman_vaults_nodes, v_rooms_5, v_misc_12, vaults_mumra_hexcomb,
          vaults_dpeg_hooks, vaults_room_pools, serial_shops, nicolae_shop_stone
Crypt:1:  lemuel_minitomb, basic_altar, pandoras_box_mu, uniq_margery
Depths:1: abyss_entry_small_statue_room, pf_hell_entry_great_geh, serial_shops,
          shop, minmay_misc_feat_plants, minislime_mu, serial_bayou_shore_b
Abyss:2:  evilmike_abyss_exit_mutagenic
Ossuary:  ossuary_the_hunt_dpeg
IceCv:    ice_cave_small_demon

Skill      XL: |  1  2  3  4  5  6  7  8  9 10 11 12 13 14 15 16 17 18 19 20 21 |
---------------+----------------------------------------------------------------+-----
Dodging        | 1 2 4 5 7 8 9 10 11 12 13 15 | 15.6
Axes           | 3 4 |  4.6
Armour         | 2 3 4 5 7 8 10 11 12 13 14 15 16 17 | 17.2
Fighting       | 4 5 6 8 9 11 12 13 14 15 16 18 | 18.6
Long Blades    | 2 6 8 10 11 12 13 14 | 14.3
Evocations     | 3 5 7 |  7.0
Shields        | 1 4 6 9 11 13 15 | 15.0
Throwing       | 1 |  1.0

Action                   |  1- 3 |  4- 6 |  7- 9 | 10-12 | 13-15 | 16-18 | 19-21 || total
-------------------------+-------+-------+-------+-------+-------+-------+-------++-------
Melee: Hand axe          |   106 |   155 |       |       |       |       |       ||   261
       Kick              |       |    19 |    82 |   245 |   635 |   561 |   301 ||  1843
       Long sword        |       |     9 |   267 |   609 |  1559 |  1933 |  2177 ||  6554
       Double sword      |       |       |       |       |       |       |   361 ||   361
       Unarmed           |       |       |       |       |       |       |    19 ||    19
Throw: Tomahawk          |       |       |       |     4 |       |       |       ||     4
Invok: Potion Petition   |       |       |       |       |     1 |     2 |       ||     3
       Call Merchant     |       |       |       |       |       |     3 |     3 ||     6
Evoke: Wand              |       |       |       |     7 |    29 |     5 |     7 ||    48
  Use: Potion            |       |     4 |     5 |     3 |     6 |     4 |     2 ||    24
       Scroll            |       |       |       |    15 |    14 |     6 |     6 ||    41
 Stab: Sleeping          |     5 |     7 |    15 |    25 |     2 |       |       ||    54
       Petrified         |       |    10 |       |       |       |       |       ||    10
       Paralysed         |       |     1 |       |    14 |    18 |       |       ||    33
       Petrifying        |       |     1 |       |       |       |       |       ||     1
       Distracted        |       |       |     5 |     2 |    10 |    20 |    12 ||    49
       Confused          |       |       |       |     3 |       |       |       ||     3
       Fleeing           |       |       |       |     2 |       |       |       ||     2
  Eat: Chunk             |     2 |     7 |    11 |    26 |    13 |       |       ||    59
       Ration            |       |     1 |     1 |     2 |    13 |     9 |    11 ||    37
Armor: Leather armour    |    38 |    49 |    62 |       |       |       |       ||   149
       Ring mail         |       |       |    14 |   208 |    33 |       |       ||   255
       Chain mail        |       |       |       |     9 |   222 |       |       ||   231
       Plate armour      |       |       |       |       |   175 |       |       ||   175
       Crystal plate arm |       |       |       |       |   433 |  1002 |  1010 ||  2445
       Skin              |       |       |       |       |       |       |    17 ||    17
Dodge: Dodged            |    85 |   109 |   131 |   337 |   553 |   511 |   642 ||  2368
Block: Buckler           |       |       |       |     4 |   241 |       |       ||   245
       Shield            |       |       |       |       |   376 |  1621 |  1325 ||  3322
       Reflection        |       |       |       |       |       |    41 |    50 ||    91
       Rpst.: Long sword |       |     2 |    34 |    94 |   137 |    91 |    90 ||   448
       Double sword      |       |       |       |       |       |       |    48 ||    48

Table legend:
 A = Spawn XP
 B = Non-spawn XP
 C = Spawn XP percentage of total XP
 D = Spawn monster count
 E = Non-spawn monster count
 F = Spawn count percentage of total count
 G = Total turns spent on level
                    A         B        C        D         E        F      G
               +---------+---------+-------+---------+---------+-------+---------
         Total |   20713 |  636269 |   3.2 |      43 |    1611 |   2.6 | 55294
               +---------+---------+-------+---------+---------+-------+---------
           D:1 |       0 |      37 |   0.0 |       0 |      21 |   0.0 |  1080
           D:2 |       0 |     196 |   0.0 |       0 |      29 |   0.0 |  1963
           D:3 |       0 |     201 |   0.0 |       0 |      25 |   0.0 |  1131
           D:4 |       0 |     515 |   0.0 |       0 |      23 |   0.0 |  1167
           D:5 |       0 |    1641 |   0.0 |       0 |      26 |   0.0 |  1073
           D:6 |       0 |    2396 |   0.0 |       0 |      27 |   0.0 |  1342
           D:7 |       0 |     934 |   0.0 |       0 |      23 |   0.0 |   764
           D:8 |       0 |    2653 |   0.0 |       0 |      45 |   0.0 |  1887
           D:9 |       0 |    2106 |   0.0 |       0 |      35 |   0.0 |  1113
          D:10 |       0 |    1735 |   0.0 |       0 |      13 |   0.0 |  1422
          D:11 |       0 |    4162 |   0.0 |       0 |      20 |   0.0 |  1203
          D:12 |       0 |    5320 |   0.0 |       0 |      20 |   0.0 |  2261
          D:13 |       0 |    6786 |   0.0 |       0 |      33 |   0.0 |  1450
          D:14 |       0 |   31186 |   0.0 |       0 |      57 |   0.0 |  1439
          D:15 |       0 |   19929 |   0.0 |       0 |      55 |   0.0 |  1917
        Lair:1 |       0 |    4863 |   0.0 |       0 |      23 |   0.0 |  1854
        Lair:2 |       0 |    4661 |   0.0 |       0 |      23 |   0.0 |  1916
        Lair:3 |       0 |    7257 |   0.0 |       0 |      27 |   0.0 |  1237
        Lair:4 |       0 |    5801 |   0.0 |       0 |      27 |   0.0 |  1718
        Lair:5 |       0 |    7431 |   0.0 |       0 |      21 |   0.0 |  1570
        Lair:6 |       0 |   10018 |   0.0 |       0 |      29 |   0.0 |  1834
       Swamp:1 |       0 |    9278 |   0.0 |       0 |      18 |   0.0 |   742
       Swamp:2 |       0 |   17546 |   0.0 |       0 |      29 |   0.0 |   681
       Swamp:3 |       0 |   13618 |   0.0 |       0 |      33 |   0.0 |   940
       Swamp:4 |       0 |    1708 |   0.0 |       0 |       9 |   0.0 |   112
      Spider:1 |       0 |   26223 |   0.0 |       0 |      65 |   0.0 |  1372
      Spider:2 |       0 |    8040 |   0.0 |       0 |      23 |   0.0 |   904
      Spider:3 |       0 |   26796 |   0.0 |       0 |      56 |   0.0 |  1212
      Spider:4 |       0 |   43727 |   0.0 |       0 |      86 |   0.0 |  1258
         Orc:1 |       0 |    2963 |   0.0 |       0 |      20 |   0.0 |  1129
         Orc:2 |       0 |   11717 |   0.0 |       0 |      88 |   0.0 |  1492
         Elf:1 |       0 |   26149 |   0.0 |       0 |      43 |   0.0 |  1000
         Elf:2 |       0 |   21241 |   0.0 |       0 |      35 |   0.0 |   693
      Vaults:1 |       0 |   74395 |   0.0 |       0 |     111 |   0.0 |  1911
      Vaults:2 |       0 |   43857 |   0.0 |       0 |      87 |   0.0 |  2021
      Vaults:3 |       0 |   59523 |   0.0 |       0 |      78 |   0.0 |  1928
      Vaults:4 |       0 |   58709 |   0.0 |       0 |      91 |   0.0 |  1790
       Crypt:1 |       0 |   64354 |   0.0 |       0 |      93 |   0.0 |  2432
      Depths:1 |       0 |    2678 |   0.0 |       0 |       9 |   0.0 |    44
       Abyss:2 |   20713 |       0 | 100.0 |      43 |       0 | 100.0 |   449
       Ossuary |       0 |     238 |   0.0 |       0 |      11 |   0.0 |   177
         IceCv |       0 |    3681 |   0.0 |       0 |      24 |   0.0 |  1521
               +---------+---------+-------+---------+---------+-------+---------

Vault maps used:
D:1:      dpeg_arrival_fog
D:2:      ashenzari_conservatory_becter, minmay_distorted,
          uniq_crazy_yiuf_cottage, uniq_jessica, uniq_terence
D:3:      lemuel_crystal_altar, first_ration, grunt_nemelex_the_gamble,
          uniq_grinder
D:4:      vehumet_crystals, grunt_ministairs_4
D:5:      lemuel_round_altar, chequers_ossuary_entry_cave, uniq_pikel
D:6:      gammafunk_temple_overflow_arena, nicolae_temple_entry_ecumenical
D:8:      nicolae_tso_carved_into_rock, kennysheep_mini_moat, special_room
D:9:      orc_0_dummy, hangedman_little_slice_of_home
D:10:     lair_entry_dummy, uniq_joseph
D:12:     basic_altar, uniq_gastronok
D:13:     serial_shops, nicolae_shop_waterfront
D:14:     david_vaults_5, nicolae_dithmenos_shadow_blocks, basic_altar,
          spider_trap, uniq_roxanne, uniq_urug
D:15:     hangedman_depths_entry_try_elsewhere_first, serial_bayou_pond_b
Temple:   regret_index_temple_waves
Lair:1:   serial_forest, infiniplex_forest_lined_ring,
          infiniplex_forest_diagonal, infiniplex_forest_lined_3,
          infiniplex_forest_straight_3, beast_lair_carwin_9
Lair:2:   nicolae_spider_entry_orb_guardian, serial_bayou_ford_a,
          grunt_forest_small_clearings, st_stairs_8
Lair:4:   minmay_swamp_entry_worms, st_stairs_6
Lair:5:   portal_ice_cave_demonic_guard, serial_bayou_pond_b, st_stairs_7
Lair:6:   due_jungle_book, slime_altar_1, infiniplex_staircase_pool_2
Swamp:1:  evilmike_swamp_ruin_house_3
Swamp:2:  evilmike_swamp_ruin_house_6, swamp_pool2, uniq_kirke
Swamp:3:  evilmike_swamp_ruin_house_1, swamp_pool3
Swamp:4:  grunt_swamp_rune_castle, infiniplex_staircase_pool
Spider:1: nicolae_spider_hall_of_the_moth_king, uniq_donald
Spider:3: nicolae_spider_corner
Spider:4: grunt_spider_rune_parallel, uniq_asterion, uniq_jorgrun
Orc:2:    st_orc_mages, uniq_maurice
Elf:1:    elf_arrival_002, hangedman_elf_disciples, grunt_megastairs_3
Elf:2:    serial_shops, bzr_firewalk, grunt_ministairs_3
Vaults:1: hangedman_vaults_pinch, nicolae_vaults_little_squares_2,
          nicolae_vaults_octagons, vaults_room_corners, dpeg_vaults_monster_row,
          v_pattern_5, vaults_dpeg_cross, ontoclasm_vaults_twist,
          nicolae_vaults_little_ls, hangedman_vaults_cutoff, v_misc_30,
          serial_shops, nicolae_shop_trees, basic_altar
Vaults:2: hangedman_vaults_stagger, vaults_room_fours,
          nicolae_vaults_border_crossing, ontoclasm_vaults_ring_large,
          v_misc_17, vaults_dpeg_encased_lava, nicolae_vaults_theta,
          nicolae_vaults_ninety_degrees, vaults_room_door_ring, v_misc_28,
          nicolae_vaults_specimen_jars, vaults_room_grunt_arrival_checkpoint,
          dummy_crypt_entry
Vaults:3: nicolae_vaults_network_quincunx, v_misc_11,
          vaults_mumra_minichess_inversion, vaults_mumra_hex,
          nicolae_vaults_little_squares_2, hangedman_vaults_corner, v_rooms_2,
          v_misc_8, grunt_tower_of_power, v_alt_pattern_4,
          hangedman_vaults_impose, ontoclasm_vaults_gateway
Vaults:4: v_rooms_5, nicolae_vaults_quadrants, v_misc_25, vaults_room_corners,
          hangedman_vaults_nodes, v_rooms_5, v_misc_12, vaults_mumra_hexcomb,
          vaults_dpeg_hooks, vaults_room_pools, serial_shops, nicolae_shop_stone
Crypt:1:  lemuel_minitomb, basic_altar, pandoras_box_mu, uniq_margery
Depths:1: abyss_entry_small_statue_room, pf_hell_entry_great_geh, serial_shops,
          shop, minmay_misc_feat_plants, minislime_mu, serial_bayou_shore_b
Abyss:2:  evilmike_abyss_exit_mutagenic
Ossuary:  ossuary_the_hunt_dpeg
IceCv:    ice_cave_small_demon
